 Dungeon Crawl Stone Soup version 0.17-a0-957-ga3519be (webtiles) character file.

101 Zwobot the Vexing (level 5, 0/38 HPs)
             Began as a Formicid Arcane Marksman on May 7, 2015.
             Slain by a centaur (4 damage)
             ... on level 5 of the Dungeon.
             The game lasted 00:13:24 (3407 turns).

Zwobot the Vexing (Formicid Arcane Marksman)        Turns: 3407, Time: 00:13:25

Health: 0/38       AC:  6    Str: 17    XL:     5   Next: 4%
Magic:  6/6        EV: 11    Int: 10    God:
Gold:   86         SH:  0    Dex: 10    Spells: 2 memorised, 3 levels left

rFire  . . .     SeeInvis +     a - +5 short sword (flame)
rCold  . . .     Clarity  .     u - +0 leather armour
rNeg   + . .     SustAb   .     (no shield)
rPois  .         Gourm    .     (helmet unavailable)
rElec  .         Spirit   .     (no cloak)
rCorr  .         Warding  .     m - +2 pair of gloves
rMut   .         Stasis   +     (no boots)
MR     +....                    (no amulet)
Stlth  ++........               (no ring)
                                s - ring of positive energy

@: somewhat resistant to hostile enchantments, unstealthy
A: permanent stasis, dig shafts and tunnels, four strong arms, antennae 3, dopey
1, magic resistance 1, wild magic 1
a: Dig, Shaft Self


You were on level 5 of the Dungeon.
You were not hungry.

You visited 1 branch of the dungeon, and saw 5 of its levels.

You collected 86 gold pieces.

Inventory:

Hand weapons
 a - a +5 short sword of flaming (weapon)
 b - a +0 hand crossbow
 n - a +1 dagger of pain
Missiles
 c - 32 bolts
 l - 10 sling bullets
 v - 8 needles of slowing
 y - 13 poisoned needles
Armour
 m - a +2 pair of gloves (worn)
 u - a +0 leather armour (worn)
Jewellery
 s - a ring of positive energy (left hand)
Scrolls
 h - a scroll of fog {unknown}
 i - a scroll of amnesia {unknown}
 k - a scroll of remove curse
 p - a scroll of enchant armour
 q - a scroll of blinking {unknown}
 x - a scroll of immolation {unknown}
 A - a scroll of recharging {unknown}
 B - 2 scrolls of identify {unknown}
Potions
 g - a potion of haste {unknown}
 j - a potion of poison {unknown}
 o - a potion of resistance {unknown}
 t - a potion of flight {unknown}
 z - a potion of might {unknown}
 C - a potion of brilliance {unknown}
 D - a potion of mutation
Books
 d - a book of Debilitation

   Spells                             Type                      Level
   a - Corona                         Hexes                        1
   b - Slow                           Hexes                        2
   c - Gell's Gravitas                Hexes/Translocation          3
   d - Inner Flame                    Hexes/Fire                   3
   e - Cause Fear                     Hexes                        4
   f - Leda's Liquefaction            Hexes/Earth                  4
Comestibles
 f - 5 bread rations
 w - 2 meat rations


   Skills:
 + Level 2.1 Fighting
 + Level 1.3 Short Blades
 - Level 3.5 Crossbows
 - Level 1.7 Dodging
 + Level 2.2 Stealth
 - Level 1.1 Spellcasting
 - Level 3.6 Hexes


You had 3 spell levels left.
You knew the following spells:

 Your Spells              Type           Power        Failure   Level  Hunger
a - Corona                Hex            ##.....      22%         1    ##.....
b - Slow                  Hex            ##......     30%         2    ###....


Dungeon Overview and Level Annotations

Branches:
Dungeon (5/15)             Temple (0/1) D:4

Altars:

Annotations:
D:3 dirtyvader's ghost, average TrBe


Innate Abilities, Weirdness & Mutations

You are under a permanent stasis effect.
You can dig through walls and to a lower floor.
Your four strong arms can wield two-handed weapons with a shield.
You have a pair of large antennae on your head (SInv).
You are dopey. (Int -2)
You are resistant to hostile enchantments.
Your spells are a little harder to cast, but a little more powerful.


Message History

The orc wizard closely misses you. The centaur hits you!
* * * LOW HITPOINT WARNING * * *
Drink which item? (? for menu, Esc to quit)
It was a potion of mutation.
You feel extremely strange.
You feel less in control of your magic.
You feel resistant to hostile enchantments.
You feel stupid. The orc hits you.
* * * LOW HITPOINT WARNING * * *
The orc closely misses you.
The orc wizard hits you with a dagger of electrocution.
* * * LOW HITPOINT WARNING * * *
The centaur hits you but does no damage.
Drink which item? (? for menu, Esc to quit)
Okay, then.
You closely miss the orc wizard. The centaur hits you.
* * * LOW HITPOINT WARNING * * *
The orc hits you but does no damage. x2
The orc wizard misses you. The centaur hits you.
You die...

.......{##.o#
.....######.####
.##. #(#..# ..
#....## ..
##....## .
#......#
#(.....#
#ooc...#
##@o..## #(...##
#.#..# .. ###
... .... .....
......


You could see a centaur, an orc wizard (invisible) and 2 orcs.

Vanquished Creatures
  5 adders (D:2)
  An ooze (D:1)
  A giant gecko (D:1)
  5 ball pythons
  3 bats
  2 giant cockroaches
  6 hobgoblins
  6 jackals
  6 kobolds
  A quokka (D:2)
  6 giant newts
  6 goblins
  6 rats
54 creatures vanquished.

Notes
Turn   | Place    | Note
--------------------------------------------------------------
     0 | D:1      | Zwobot, the Formicid Arcane Marksman, began the quest for the Orb.
     0 | D:1      | Reached XP level 1. HP: 15/15 MP: 2/2
   702 | D:1      | Reached XP level 2. HP: 21/21 MP: 3/3
  1151 | D:1      | Reached XP level 3. HP: 24/26 MP: 4/4
  1495 | D:1      | Learned a level 2 spell: Slow
  2098 | D:2      | Reached skill level 1 in Stealth
  2269 | D:2      | Reached XP level 4. HP: 27/32 MP: 5/5
  2766 | D:2      | Reached skill level 1 in Short Blades
  3112 | D:2      | Reached XP level 5. HP: 38/38 MP: 1/6
  3364 | D:3      | Noticed dirtyvader's ghost (average TrBe)
  3377 | D:4      | Found a staircase to the Ecumenical Temple.
  3381 | D:5      | Entered Level 5 of the Dungeon
  3388 | D:5      | Noticed a centaur
  3406 | D:5      | Gained mutation: Your spells are a little harder to cast, but a little more powerful. [potion of mutation]
  3406 | D:5      | Gained mutation: You are resistant to hostile enchantments. [potion of mutation]
  3406 | D:5      | Gained mutation: You are dopey. (Int -2) [potion of mutation]
  3407 | D:5      | Slain by a centaur

Action                   |  1- 3 |  4- 6 || total
-------------------------+-------+-------++-------
Melee: Short sword       |    28 |    47 ||    75
 Fire: Hand crossbow     |    50 |       ||    50
 Cast: Corona            |     9 |    25 ||    34
       Slow              |     2 |     2 ||     4
  Use: Scroll            |     3 |     6 ||     9
       Potion            |       |     5 ||     5
 Stab: Sleeping          |       |     1 ||     1
  Eat: Chunk             |     5 |     4 ||     9
